[Event "ESCC-65 2022"]
[Site "Lublin"]
[Date "2022.07.05"]
[Round "1.1"]
[White "Stokes, Michael"]
[Black "Dobosz, Henryk"]
[Result "0-1"]
[ECO "B23"]
[WhiteElo "2024"]
[BlackElo "2354"]
[Annotator "TA"]
[PlyCount "82"]
[EventDate "2022.07.05"]
[EventType "swiss"]
[EventCountry "POL"]
[SourceTitle "playchess.com"]
[Source "ChessBase"]
[SourceQuality "1"]
[TimeControl "40/5400+30:1800+30"]

1. e4 c5 2. Nc3 e6 3. f4 d5 4. e5 Nh6 5. Nf3 Be7 6. Be2 {[%emt 0:07:26] B23: Closed Sicilian: Lines without g3.} Nc6 7. b3 a6 {[%emt 0:02:30] [#]} 8. a4 $146 {[%emt 0:02:09] Black is slightly better.} ({Predecessor:} 8. Bb2 Nf5 9. Bd3 g6 10. Bxf5 gxf5 11. d4 Qc7 12. Ne2 h5 13. c3 b6 14. O-O {1-0 (39) Pedashenko,A (2033)-Karapetyan,G (1648) Kislovodsk 2015}) 8... b6 9. O-O Bb7 10. Bd3 {[%emt 0:04:13] [#]} Nb4 $1 11. Qe2 Rc8 12. Kh1 Qd7 13. Bb2 Nxd3 14. Qxd3 Nf5 15. Ne2 h5 16. Ng5 ({White should play} 16. Ng3 Nxg3+ 17. hxg3) 16... h4 $17 17. Qh3 (17. Ng1 $17 {is a better defense.}) 17... Rh6 (17... d4 $19 {is more deadly.} 18. Kg1 c4 19. bxc4 Rxc4) 18. d3 f6 19. exf6 (19. Nf3 $17) 19... gxf6 $19 20. Nf3 d4 21. Rf2 a5 22. Re1 Qd5 23. c4 Qc6 (23... Qd6 $19 {aiming for ...Kd7.} 24. Nexd4 cxd4) 24. Bxd4 Qd7 {[%emt 0:00:46] [#] Strongly threatening ...Bxf3.} ({Don't play} 24... cxd4 25. Nexd4 Nxd4 26. Nxd4 $16) (24... Rd8 $5 25. Bb2 Rxd3 $17) 25. Qg4 {[%emt 0:02:25][%mdl 8192] Black converts the advantage convincingly.} Kf7 {[%emt 0:00:39] Threatens to win with ...h3.} ({Stronger than} 25... cxd4 26. Qg8+ Bf8 27. Nexd4 Nxd4 28. Nxd4 $14) 26. Ng5+ fxg5 27. fxg5 Rg8 28. Be3 Ke8 29. Bf4 h3 30. Ng3 Rh4 31. Qe2 Nd4 32. Qe5 Bxg2+ 33. Kg1 Nf3+ 34. Rxf3 Bxf3 35. Be3 Bb7 {[%emt 0:01:45] And now ...Bd6 would win.} 36. Qb8+ Qc8 37. Qe5 Qd7 38. Qb8+ Bd8 {[%emt 0:00:15][%cal Oh4d4] Hoping for ...Rd4!} 39. Nf5 Rg4+ {[%emt 0:00:20] Black mates.} 40. Ng3 Qc6 41. Re2 Rf8 {[%emt 0:02:36] Weighted Error Value: White=0.98/Black=0.37} 0-1

[Event "ESCC-65 2022"]
[Site "Lublin"]
[Date "2022.07.05"]
[Round "1.2"]
[White "Bogdanov, Valentin"]
[Black "Gasik, Piotr"]
[Result "1-0"]
[ECO "B14"]
[WhiteElo "2333"]
[BlackElo "1990"]
[Annotator "TA"]
[PlyCount "55"]
[EventDate "2022.07.05"]
[EventType "swiss"]
[EventCountry "POL"]
[SourceTitle "playchess.com"]
[Source "ChessBase"]
[SourceQuality "1"]
[TimeControl "40/5400+30:1800+30"]

1. e4 c6 2. d4 d5 3. exd5 cxd5 4. c4 e6 5. Nc3 Nf6 6. Nf3 Be7 7. Bd3 Nc6 8. O-O O-O 9. Re1 Nb4 {[%emt 0:04:23] B14: Caro-Kann: Panov-Botvinnik Attack with 5...e6 and 5...g6.} 10. Bf1 dxc4 11. Bxc4 b6 {[%emt 0:00:12] The position is equal.} 12. Ne5 Bb7 13. Bg5 Nfd5 14. Bxe7 Qxe7 {[%emt 0:08:33] [#]} 15. Qd2 $146 {[%emt 0:07:36] Prevents Nf4.} ({Predecessor:} 15. Ne4 Rfe8 16. Rc1 Nf6 17. Ng5 Rf8 18. Nexf7 Nbd5 19. Rxe6 Qxe6 20. Nxe6 Rxf7 21. Qb3 {1-0 (28) Lehmann,R (1826)-Altenburg,R (1772) Mecklenburg VP 2010}) 15... Rad8 (15... Rac8 $11) 16. a3 $14 Na6 {[%emt 0:02:01] This move loses the game for Black.} (16... Nxc3 $14 17. axb4 Ne4) 17. Nxd5 $18 Rxd5 18. Bxd5 Bxd5 19. Nd3 Qb7 20. Nf4 Bc6 (20... Nc7 {was necessary.} 21. Rac1 Rd8) 21. Rac1 Rd8 22. Rc3 {[%emt 0:02:01] [#] aiming for Nh5.} h6 (22... Rd6 $142 23. d5 exd5) 23. Rg3 {[%emt 0:03:39] Threatens to win with Nh5. White is clearly winning.} Be4 24. Qe3 {[%emt 0:02:13] Nh5 is the strong threat.} Bf5 25. d5 Nc5 26. Qe5 {[%emt 0:03:03][%csl Gg3][%cal Re5g7] [#] Against Ne4} g6 27. dxe6 Nxe6 28. Qxf5 {[%emt 0:01:27] Weighted Error Value: White=0.27 (precise) /Black=0.63} 1-0

[Event "ESCC-65 2022"]
[Site "Lublin"]
[Date "2022.07.05"]
[Round "1.3"]
[White "Sciupokas, Arunas"]
[Black "Renman, Nils-Gustaf"]
[Result "0-1"]
[ECO "C02"]
[WhiteElo "1960"]
[BlackElo "2311"]
[Annotator "TA"]
[PlyCount "58"]
[EventDate "2022.07.05"]
[EventType "swiss"]
[EventCountry "POL"]
[SourceTitle "playchess.com"]
[Source "ChessBase"]
[SourceQuality "1"]
[TimeControl "40/5400+30:1800+30"]

1. e4 e6 2. d4 d5 3. e5 c5 4. c3 Nc6 5. Nf3 Qb6 6. Be2 cxd4 7. cxd4 Nh6 8. Bd3 {[%emt 0:19:09] 8.Bxh6 is setting a new trend.} Bd7 {[%emt 0:00:54] C02: French: Advance Variation.} (8... Nxd4 9. Nxd4 Bc5 10. Be3 $1 $16) 9. Bc2 ({Don't play} 9. Bxh6 Qxb2 10. Nbd2 Nb4 $17) 9... Nb4 10. Nc3 (10. Bxh6 $14 gxh6 11. O-O) 10... Nxc2+ $11 {[%emt 0:00:29] Black has an edge.} 11. Qxc2 Nf5 12. Qd3 Rc8 13. O-O Bb4 14. Rd1 Bxc3 15. bxc3 Bb5 16. Qd2 Qa5 {[%emt 0:02:21] [#]} 17. Qb2 $146 {[%emt 0:03:52] [#]} ({White should play} 17. a4 $15) ({Predecessor:} 17. Bb2 Rc4 18. Qg5 h6 19. Qh5 Ra4 20. a3 Be2 21. Rd2 Bxf3 22. Qxf3 O-O 23. g4 {1-0 (33) Turcheniac,M (2008)-Patsuk,E (2054) St Petersburg 2008}) 17... O-O (17... Rxc3 $2 18. Bd2 $18) ({Better is} 17... Ba6 $1 $17 18. Bg5 Qxc3 19. Qxc3 Rxc3) 18. Rb1 (18. Bf4 $15) 18... Ba6 $17 {[%emt 0:05:18] Black is more active.} 19. Qb4 (19. g4 $17 Qxc3 20. Kg2) 19... Qxb4 $19 ({Weaker is} 19... Qxa2 20. Rd2 Qc4 21. Ba3 $17) 20. cxb4 {[%emt 0:00:08] Threatens to win with b5.} Be2 21. Rd2 Bxf3 22. gxf3 Rc4 23. Rd3 Nxd4 ({Not} 23... Rxd4 $2 24. Rxd4 Nxd4 25. f4) 24. Kg2 Nc6 25. Ba3 (25. Ra3 {was called for.}) 25... b5 26. Re3 Rc8 27. Kg3 g5 28. Rb2 Kg7 29. Rbe2 (29. Kg2 $142) 29... Nd4 {[%emt 0:00:20] Weighted Error Value: White=0.58/Black=0.13 (very precise)} 0-1

[Event "ESCC-65 2022"]
[Site "Lublin"]
[Date "2022.07.05"]
[Round "1.4"]
[White "Stebbings, Anthony J"]
[Black "Rak, Tomasz"]
[Result "0-1"]
[ECO "E42"]
[WhiteElo "2283"]
[BlackElo "1887"]
[Annotator "TA"]
[PlyCount "78"]
[EventDate "2022.07.05"]
[EventType "swiss"]
[EventCountry "POL"]
[SourceTitle "playchess.com"]
[Source "ChessBase"]
[SourceQuality "1"]
[TimeControl "40/5400+30:1800+30"]

1. d4 Nf6 2. c4 e6 3. Nc3 Bb4 4. e3 c5 5. Nge2 d6 6. a3 Ba5 7. g3 {[%emt 0:06:11] E42: Nimzo-Indian: Rubinstein: 4...c5 5 Ne2.} Bd7 8. Bg2 Bc6 9. d5 {[%emt 0:00:52] White is slightly better.} exd5 10. cxd5 Bd7 11. O-O O-O 12. e4 Na6 {[%emt 0:07:08] [#]} 13. a4 $146 ({Predecessor:} 13. Bf4 Qe7 14. e5 dxe5 15. Bg5 Qd6 16. Bxf6 Qxf6 17. d6 Rab8 18. Rc1 c4 19. f4 {½-½ (27) Swapnil,S (2469)-Gorbatov,A (2350) Albena 2013}) 13... Nb4 14. Bf4 Qb8 (14... Qe7 $11 {should be considered.}) 15. h3 Rc8 16. Qd2 a6 17. Ra3 Be8 (17... c4 $11) 18. g4 $16 Nd7 ({Black should try} 18... Bd7) 19. Ng3 $1 {[%emt 0:00:12] Hoping for Nf5.} g6 {[%emt 0:01:11] [#] Prevents Nf5.} (19... Ne5 $18 20. Nf5 Bd8) 20. h4 (20. Nf5 $1 $16 gxf5 21. exf5) 20... Bd8 {[%emt 0:03:07] [#]} (20... c4 $11 {remains equal.}) 21. g5 (21. Nd1 $1 $16) 21... Be7 (21... c4 $11) 22. h5 Ne5 23. Qe2 (23. Nd1 $14) 23... Bd7 $11 24. Be3 Re8 25. f3 Qd8 26. f4 ({Better is} 26. Nd1 $11) 26... Bg4 $1 $15 27. Qf2 Nc4 28. Rb3 $2 (28. Nd1 $15) 28... Nd3 $19 ({Worse is} 28... gxh5 29. Nd1 $15) 29. Qc2 Nxe3 30. Qxd3 Nxf1 31. Qxf1 gxh5 32. Rxb7 $2 (32. Bf3) 32... Rb8 33. Qxa6 h4 34. Nf5 (34. Nge2 {keeps fighting.}) 34... Bxf5 35. exf5 Rxb7 36. Qxb7 Bxg5 37. fxg5 (37. Qb5 $142 Bxf4 38. Ne4) 37... Qxg5 {[%emt 0:00:04] ( -> ...Re1+)} 38. Kf1 {[%emt 0:05:31] Inhibits Re1+.} Qf4+ 39. Kg1 Re1+ {[%emt 0:00:18] Black used his chance.  Weighted Error Value: White=0.62/Black=0.19 (very precise)} 0-1

[Event "ESCC-65 2022"]
[Site "Lublin"]
[Date "2022.07.05"]
[Round "1.5"]
[White "Scowen, Roger S"]
[Black "Syre, Christian"]
[Result "0-1"]
[ECO "B32"]
[WhiteElo "1864"]
[BlackElo "2243"]
[Annotator "TA"]
[PlyCount "36"]
[EventDate "2022.07.05"]
[EventType "swiss"]
[EventCountry "POL"]
[SourceTitle "playchess.com"]
[Source "ChessBase"]
[SourceQuality "1"]
[TimeControl "40/5400+30:1800+30"]

1. e4 c5 2. Nf3 Nc6 3. d4 cxd4 4. Nxd4 e5 5. Nb3 Nf6 6. f3 {[%emt 0:11:59] B32: Sicilian: Löwenthal and Kalashnikov Variations.} (6. Bc4 $11) 6... d5 $15 7. exd5 ({White should play} 7. Bg5 $15) 7... Nxd5 $17 8. c4 (8. Nc3 $15 Bb4 9. Bd2) 8... Ndb4 {[%emt 0:00:53] Black is more active.} (8... Bb4+ $17 9. Ke2 Nf4+ 10. Bxf4 Qxd1+ 11. Kxd1 exf4) 9. Qxd8+ ({Better is} 9. a3 $15 Qxd1+ 10. Kxd1) 9... Nxd8 10. Na3 {[%emt 0:05:22] [#] Prevents Nc2+.} Ne6 $146 ({Predecessor:} 10... Bf5 11. Be2 Ne6 12. O-O Be7 13. Be3 O-O 14. Rfd1 Rfe8 15. Bf2 Nf4 16. Bf1 Nfd3 17. Bxd3 Nxd3 {0-1 (34) Hoffmann,A (1834)-Judas,S (2099) Grossenseebach 2005}) 11. Be3 Be7 12. Kf2 O-O 13. g3 (13. Nb5 $142) 13... Bd7 14. Rd1 Ba4 15. Rd2 (15. Nb1 $17) 15... Nxa2 16. Na5 (16. Na1 {was called for.}) 16... Bb4 $19 {[%emt 0:01:07][%csl LRa5,LRd2] Black has a decisive advantage.} 17. Rd5 b6 18. Nb7 Bc6 {[%emt 0:01:25][%csl LRb7,LRd5] Weighted Error Value: White=0.41/Black=0.16 (very precise)} 0-1

[Event "ESCC-65 2022"]
[Site "Lublin"]
[Date "2022.07.05"]
[Round "1.6"]
[White "Petran, Peter"]
[Black "Severcan, Sedat Sabri"]
[Result "1-0"]
[ECO "A20"]
[WhiteElo "2234"]
[BlackElo "1849"]
[Annotator "TA"]
[PlyCount "118"]
[EventDate "2022.07.05"]
[EventType "swiss"]
[EventCountry "POL"]
[SourceTitle "playchess.com"]
[Source "ChessBase"]
[SourceQuality "1"]
[TimeControl "40/5400+30:1800+30"]

1. c4 e5 2. g3 c6 3. d4 exd4 4. Qxd4 Nf6 5. Nc3 Na6 6. Bg2 {[%emt 0:00:32] A23: English Opening: 1...e5 2 Nc3 Nf6 3 g3 c6.} Bc5 7. Qe5+ Qe7 8. Qxe7+ {[%emt 0:00:08] The position is equal.} Bxe7 9. Nh3 {[%emt 0:01:00][%cal Bg1h3,Bh3f4,Bf4d3][%mdl 32] [#]} O-O $146 ({Predecessor:} 9... Nb4 10. O-O d5 11. cxd5 Nbxd5 12. Bd2 O-O 13. Nf4 Nxf4 14. Bxf4 Be6 15. Rfd1 Rfd8 16. Be3 {½-½ (16) Ackley,P (1993)-David,I (1891) England 2017}) 10. Nf4 Bb4 11. Bd2 Re8 12. O-O Nc5 13. Rad1 Ne6 14. Nd3 Bf8 15. e3 Rb8 16. a3 d6 17. b4 Bd7 18. Bc1 Ng5 (18... Nc7 $11) 19. Bb2 Nge4 20. Nxe4 Nxe4 21. f3 Nf6 22. e4 Be6 23. Rc1 d5 (23... a5 $11) 24. cxd5 cxd5 25. e5 Nd7 26. f4 {[%emt 0:01:03] [#] Hoping for f5.} g6 27. Bd4 Nb6 28. Rc7 Be7 (28... Rec8 $11 {remains equal.} 29. Rxc8 Rxc8) 29. Rfc1 Bd8 30. R7c3 {[%emt 0:04:57] White is much more active. The black rooks are badly placed.} Na4 31. R3c2 ({Much worse is} 31. Bxa7 Nxc3 32. Rxc3 Ra8 $15) 31... Nb6 32. Ra2 a6 33. a4 Nc4 34. a5 Be7 (34... b6 $14) 35. Bc5 $16 Bxc5+ 36. Nxc5 Red8 37. Kf2 Kf8 ({Better is} 37... Bc8) 38. Bf1 (38. Nxe6+ $142 fxe6 39. Bf1) 38... Rdc8 {[%emt 0:01:04] Loses the game.} (38... Bc8 $16 {was necessary.} 39. Bxc4 dxc4 40. Rxc4 b6) 39. Bxc4 dxc4 40. Nxe6+ fxe6 $18 {[%emt 0:00:00][%mdl 4096] Endgame KRR-KRR} 41. Rac2 b5 42. axb6 $1 Rxb6 43. Rxc4 Rcb8 44. Rc8+ Rxc8 45. Rxc8+ {[%emt 0:00:04] KR-KR} Kf7 46. Rc7+ Kf8 $2 (46... Kg8 47. Re7 h5) 47. Rxh7 Rxb4 48. Kf3 Ke8 49. Ra7 {[%emt 0:00:20] [#] Strongly threatening Kg4.} Rb6 50. Kg4 Kd8 51. Kg5 Kc8 52. Kxg6 {[%emt 0:01:42] Intending h4 and mate.} Kb8 53. Rd7 {[%emt 0:00:10] White threatens h4 and mate.} a5 54. h4 a4 55. Rd4 (55. h5 $142 Rb3 56. h6 Rxg3+ 57. Kf6 Rh3 58. h7 Rh6+ 59. Kg5 Rh3 60. Kf6) 55... Ra6 56. h5 {[%emt 0:03:39] White mates.} a3 57. Rd1 a2 58. h6 Ra3 59. g4 Ka8 {Weighted Error Value: White=0.09 (flawless) /Black=0.49} 1-0

[Event "ESCC-65 2022"]
[Site "Lublin"]
[Date "2022.07.05"]
[Round "1.7"]
[White "Patola, Eero"]
[Black "Malesevic, Nedeljko"]
[Result "0-1"]
[ECO "A36"]
[WhiteElo "1810"]
[BlackElo "2228"]
[Annotator "TA"]
[PlyCount "70"]
[EventDate "2022.07.05"]
[EventType "swiss"]
[EventCountry "POL"]
[SourceTitle "playchess.com"]
[Source "ChessBase"]
[SourceQuality "1"]
[TimeControl "40/5400+30:1800+30"]

1. c4 c5 2. Nc3 Nc6 3. g3 d6 4. Bg2 g6 5. e4 e5 6. d3 {[%emt 0:00:40] [#] A36: Symmetrical English vs ...g6: 4 Bg2 Bg7.} h5 $146 ({Predecessor:} 6... Bg7 7. Nge2 Nge7 8. a3 O-O 9. O-O a6 10. Rb1 Rb8 11. b4 cxb4 12. axb4 b5 13. cxb5 axb5 14. Be3 Be6 15. Qd2 Nd4 16. Bxd4 exd4 17. Nd5 Nxd5 18. exd5 {0-1 (45) Fogarasi,T (2465)-Nguyen,N (2431) Budapest 2004}) 7. h4 Bh6 8. Nd5 {[%emt 0:05:23] The position is equal.} Be6 9. Ne2 Bxc1 10. Rxc1 Bxd5 11. cxd5 Qa5+ 12. Nc3 (12. Qd2 $16 Qxd2+ 13. Kxd2) 12... Nd4 $11 13. Qa4+ (13. O-O $11) 13... Qxa4 $15 14. Nxa4 Ne7 {[%emt 0:05:39] Pair of Knights!} 15. f4 f6 16. Nc3 O-O 17. Nd1 (17. Ne2 $11) 17... b5 18. Ne3 Rae8 19. Rf1 {[%emt 0:01:45] [#]} (19. Kd2 $11) 19... Nef5 $1 20. Nxf5 gxf5 21. fxe5 fxe5 22. Kd2 Re7 23. Bh3 Rg7 {[%emt 0:02:52] Black is more active.} 24. Bxf5 Rxg3 {[%emt 0:02:59] Hoping for ...Rg2+.} 25. Be6+ $2 {[%emt 0:01:55] This move loses the game for White.} (25. b4 $17 {was necessary.}) 25... Kg7 $19 26. Rxf8 $2 (26. Rcd1) 26... Rg2+ {[%emt 0:00:37][%mdl 64] [#] Skewer, Zwischenzug} ({Stronger than} 26... Kxf8 27. Rf1+ Rf3 28. Rg1 $19) 27. Kd1 Kxf8 {[%emt 0:00:36][%mdl 4096] Endgame KRB-KRN} 28. b4 Rg1+ 29. Kd2 Rxc1 30. Kxc1 Nxe6 31. dxe6 cxb4 {[%emt 0:00:08] ( -> ...Ke7). KP-KP} 32. d4 exd4 {[%emt 0:00:14] Black mates.} 33. Kd2 Ke7 34. Kd3 Kxe6 35. Kxd4 a5 {[%emt 0:00:09] Weighted Error Value: White=1.12/Black=0.08 (flawless)} 0-1

[Event "ESCC-65 2022"]
[Site "Lublin"]
[Date "2022.07.05"]
[Round "1.8"]
[White "Schulz, Michael"]
[Black "Chubar, Vladimir"]
[Result "1-0"]
[ECO "B06"]
[WhiteElo "2217"]
[BlackElo "1809"]
[Annotator "TA"]
[PlyCount "55"]
[EventDate "2022.07.05"]
[EventType "swiss"]
[EventCountry "POL"]
[SourceTitle "playchess.com"]
[Source "ChessBase"]
[SourceQuality "1"]
[TimeControl "40/5400+30:1800+30"]

1. e4 g6 2. d4 Bg7 3. h4 h6 4. h5 g5 5. f4 gxf4 6. Bxf4 {[%emt 0:00:11] B06: Modern Defence.} c5 {[%emt 0:01:14] [#]} 7. c3 $146 ({Much worse is} 7. dxc5 Bxb2 8. Nd2 Bxa1 9. Qxa1 Nf6 $15) ({Predecessor:} 7. Nf3 cxd4 8. Nxd4 Qb6 9. Nb5 Na6 10. N1c3 d6 11. Nd5 Qa5+ 12. c3 Bd7 13. a4 {0-1 (39) Sieciechowicz,M (2399)-Pechen,Y (2697) Chess.com INT 2019}) 7... Qb6 8. Nf3 {[%emt 0:04:18] White has an edge.} Qxb2 (8... Nf6 $14) 9. Nbd2 $18 cxd4 $2 {[%emt 0:03:01] [#]} (9... Qxc3 {was necessary.} 10. Rc1 Qb4) 10. Rb1 $2 ({Less strong is} 10. cxd4 Qb6 $16) (10. Nc4 $1 $18 Qxc3+ 11. Bd2) 10... Qa3 (10... Qxc3 $2 11. Rc1 $18) (10... Qxa2 $16 11. Nxd4 d5) 11. cxd4 Nc6 $2 {[%emt 0:02:11] [#]} (11... Qa5 12. Qc2 Na6) 12. Nc4 $1 Qxa2 13. Rb2 Qxb2 14. Nxb2 d6 15. Bb5 Bd7 16. Qc2 {[%emt 0:04:22] aiming for d5.} a6 17. Bxc6 bxc6 18. e5 {[%emt 0:01:51] Prevents Nf6.} Rc8 19. Nc4 c5 20. Nb6 Rc6 21. Nxd7 Kxd7 22. Qf5+ Ke8 23. d5 Rc7 24. O-O {[%emt 0:02:03][%cal Bh1f1,Bf1b1,Bb1b8][%mdl 32] White mates.} e6 25. dxe6 d5 26. Rb1 fxe6 27. Qxe6+ Ne7 28. Rb8+ {[%emt 0:00:10] Black got outplayed after the opening.  Weighted Error Value: White=0.47/Black=1.02} 1-0

[Event "ESCC-65 2022"]
[Site "Lublin"]
[Date "2022.07.05"]
[Round "1.9"]
[White "Krupa, Jerzy"]
[Black "Lederman, Leon"]
[Result "0-1"]
[ECO "B95"]
[WhiteElo "1771"]
[BlackElo "2213"]
[Annotator "TA"]
[PlyCount "91"]
[EventDate "2022.07.05"]
[EventType "swiss"]
[EventCountry "POL"]
[SourceTitle "playchess.com"]
[Source "ChessBase"]
[SourceQuality "1"]
[TimeControl "40/5400+30:1800+30"]

1. e4 c5 2. Nf3 d6 3. d4 cxd4 4. Nxd4 Nf6 5. Nc3 a6 6. Bg5 e6 7. Qd2 h6 8. Be3 Ng4 9. O-O-O Be7 10. Be2 {[%emt 0:01:36] B95: Sicilian Najdorf: 6 Bg5 e6, unusual White 7th moves.} Nxe3 11. Qxe3 Qc7 12. Kb1 {[%emt 0:00:28] [#] The position is equal.} O-O $146 ({Predecessor:} 12... Bd7 13. f4 b5 14. Bf3 b4 15. Nce2 Nc6 16. Nxc6 Bxc6 17. Nd4 Bd7 18. f5 e5 {½-½ (40) Perez,I (1805)-Gonzalez,G (2180) Spain 1998}) 13. f4 Nc6 14. Nf3 b5 15. g4 Bd7 (15... b4 $5 16. Na4 Rb8 $11) 16. g5 h5 (16... hxg5 $1 $15 17. fxg5 b4) 17. Nh4 (17. Bd3 $1 $11) 17... g6 $2 {[%emt 0:02:52] [#]} (17... b4 $15 {stays ahead.} 18. Na4 Rab8) 18. f5 $2 (18. Bxh5 $1 $16 {[%cal Oe3h3][%mdl 512] Qh3! is the strong threat.} b4 19. Ne2) 18... Ne5 $15 {[%emt 0:00:49] Threatens to win with ...b4.} 19. f6 {[%emt 0:14:57] Hoping for Nf5.} b4 {[%emt 0:05:24] And now ...Bd8 would win.} (19... Bd8 $5 20. Qd4 Qb7 $11) 20. fxe7 Rfc8 {[%emt 0:00:56] [#]} (20... Rfb8 $5 ) 21. Qd4 bxc3 22. Qxd6 cxb2 {[%emt 0:12:36][%csl Gc8][%cal Rc7c2] The board is on fire.} 23. Qxc7 Rxc7 24. Rd2 {[%emt 0:00:05] [#]} ({Better is} 24. Nf3 $15 Nc6 25. Rd6) 24... Re8 $1 $17 25. Bxa6 Rxe7 26. Rd4 Re8 27. Rhd1 Ra8 28. Be2 Kf8 (28... Ba4 $15 29. Rd8+ Rxd8 30. Rxd8+ Kg7) 29. Nf3 $11 Nxf3 30. Bxf3 Ke7 31. R1d2 ({But not} 31. Kxb2 Rb7+ 32. Kc1 Rxa2 $15) 31... Ra5 32. h4 $1 Rca7 33. c3 (33. Be2 $1 $11) 33... Ra3 $17 (33... e5 {looks sharper.} 34. Rd5 Ra3 35. Bd1 Rxc3 36. Bb3 Rb7) 34. Rxb2 Rxc3 35. Rb3 Rc5 36. Kb2 e5 37. Rd5 (37. Rdb4 $15) 37... Rxd5 $19 38. exd5 {[%emt 0:00:02][%mdl 4096] Endgame KRB-KRB} Ra4 39. Re3 Kd6 ({Black should play} 39... Rxh4 $19 {White must now prevent ...Kd6.} 40. Rxe5+ Kd6) 40. Re4 $1 $11 Rxe4 41. Bxe4 {[%emt 0:00:48] KB-KB} Bf5 42. Bc2 {[%emt 0:05:30] Strongly threatening Bb3.} Kxd5 {[%emt 0:15:36] aiming for ...Kd4.} 43. Bb3+ $2 (43. Kc3 $11) 43... Kd4 $19 {[%emt 0:00:04] Black is clearly winning.} 44. a4 e4 45. a5 e3 {[%emt 0:01:18] ( -> ...e2)} 46. Kc1 {[%emt 0:00:50] Weighted Error Value: White=0.59/Black=0.34} 0-1

[Event "ESCC-65 2022"]
[Site "Lublin"]
[Date "2022.07.05"]
[Round "1.10"]
[White "Chapman, Terry P D"]
[Black "Sosnowska, Elzbieta"]
[Result "1-0"]
[ECO "D33"]
[WhiteElo "2207"]
[BlackElo "1726"]
[Annotator "TA"]
[PlyCount "49"]
[EventDate "2022.07.05"]
[EventType "swiss"]
[EventCountry "POL"]
[SourceTitle "playchess.com"]
[Source "ChessBase"]
[SourceQuality "1"]
[TimeControl "40/5400+30:1800+30"]

1. d4 d5 2. c4 e6 3. Nc3 c5 4. cxd5 exd5 5. Nf3 Nc6 6. g3 c4 7. Bg2 Bb4 8. O-O Nge7 9. e4 O-O 10. exd5 Nxd5 11. Nxd5 Qxd5 12. Be3 {[%emt 0:00:19] D33: Tarrasch Defence: 6 g3 sidelines.} Bg4 {[%emt 0:05:26] [#]} (12... Qb5 $14) 13. Ne5 $1 $16 Qxg2+ 14. Kxg2 {[%emt 0:00:08] White is better.} Bxd1 {[%emt 0:00:10] [#] A strong pair of Bishops.} 15. Nxc6 $1 {[%emt 0:11:36] [#]} ({Don't take} 15. Rfxd1 Na5 $14) 15... Bf3+ $146 (15... bxc6 $16 16. Rfxd1 Rfb8) ({Predecessor:} 15... bxc6 16. Rfxd1 Bd6 17. Rac1 Rfb8 18. Rxc4 Rxb2 19. Rxc6 Rd8 20. Ra6 Rd7 21. Rd2 Rxd2 22. Bxd2 {½-½ (42) Wintzer,J (2335)-Comp Fritz 3 Bonn 1995}) 16. Kxf3 $18 bxc6 17. Rfc1 c3 18. bxc3 Ba3 (18... Ba5 {was necessary.} 19. Rab1 f6) 19. Rcb1 Rab8 20. Rb3 Bb2 (20... Bd6 21. Rab1 Rfd8 22. Rxb8 Rxb8 23. Rxb8+ Bxb8) 21. Rxb8 {[%emt 0:05:17] White is clearly winning.} Bxa1 22. Rb3 f6 23. Ke4 Rd8 24. Kd3 c5 25. Rb1 {[%emt 0:01:37] White took control after the opening.  Weighted Error Value: White=0.00 (flawless) /Black=0.52} 1-0

[Event "ESCC-65 2022"]
[Site "Lublin"]
[Date "2022.07.05"]
[Round "1.11"]
[White "Virtanen, Esko"]
[Black "Biro, Sandor"]
[Result "0-1"]
[ECO "D93"]
[WhiteElo "1709"]
[BlackElo "2116"]
[Annotator "TA"]
[PlyCount "58"]
[EventDate "2022.07.05"]
[EventType "swiss"]
[EventCountry "POL"]
[SourceTitle "playchess.com"]
[Source "ChessBase"]
[SourceQuality "1"]
[TimeControl "40/5400+30:1800+30"]

1. Nf3 Nf6 2. d4 g6 3. c4 Bg7 4. Nc3 d5 5. Bf4 O-O 6. e3 c5 7. Be2 Nc6 8. O-O cxd4 9. exd4 Be6 10. c5 {[%emt 0:02:23] D94: Grünfeld: 4 Nf3 Bg7 5 e3.} Ne4 11. Rc1 h6 {[%emt 0:04:31] [#]} 12. Ne5 $146 {[%emt 0:05:23] The position is equal.} ({Predecessor:} 12. Qa4 g5 13. Be3 f5 14. Rfd1 f4 15. Bd2 g4 16. Ne5 Nxe5 17. dxe5 f3 18. gxf3 gxf3 {½-½ (53) Vasiljevs,J (2070)-Muschik,B (2284) Duesseldorf 2009}) 12... Nxc3 (12... Nxe5 $11 13. Bxe5 Bxe5 14. dxe5 Nxc5) 13. Rxc3 $14 Nxe5 14. Bxe5 Bxe5 15. dxe5 d4 16. Rd3 Qd5 17. Rxd4 Qxc5 18. b3 Qxe5 19. Bc4 (19. Bf3 $15 {is superior.}) 19... Bxc4 $17 20. Rxc4 b5 21. Re1 (21. Rd4 $142) 21... Qf6 (21... Rfd8 $142 22. Qc1 Qxe1+ 23. Qxe1 bxc4 24. bxc4 Rac8) 22. Rc7 {[%emt 0:01:14] [#]} e6 $1 23. Qd7 Rad8 24. Qxb5 Rd2 25. Qc5 Rxa2 $40 {[%emt 0:02:28][%mdl 128] Black is out for blood.} 26. Rxa7 Rd2 27. g3 Rfd8 28. Kg2 R8d3 {[%emt 0:00:46] White must now prevent ...Qf3+.} ({But not} 28... R2d3 $6 29. Re3 $11) 29. Re3 {[%emt 0:00:52][%mdl 8192] [#] Against Qf3+} (29. Rf1 $17) 29... Qxf2+ {[%emt 0:00:36] Weighted Error Value: White=0.62/Black=0.13 (very precise)} 0-1